Map: Pillars of Gold LE

Players

DPGDark (Dark) - Winner!

  • Race: Zerg Zerg
  • League: Master
  • Spawn Location: 1:00

Maru

  • Race: Terran Terran
  • League: Master
  • Spawn Location: 7:00

Event: TSL 6

VOD

Have the link to the VOD?

Description

Time

  • Played on: Dec. 20, 2020, 2:37 p.m.
  • Length: 11:11

All games in this series

Show
View Real Time Build Order
Export as new Build Order

DPGDark Zerg - Winner!

Build Orders: Hatch First 

Get SALT Encoding   

  12  0:00  Drone  
  13  0:12  Overlord  
  13  0:17  Drone  
  14  0:30  Drone x2  
  16  0:49  Hatchery  
  15  0:52  Drone  
  16  0:57  Drone  
  16  1:00  Drone  
  18  1:10  Extractor  
  17  1:15  Spawning Pool  
  17  1:18  Drone  
  17  1:21  Drone  
  18  1:28  Drone  
  19  1:39  Drone  
  20  1:49  Drone  
  21  2:03  Queen x2  
  21  2:04  Zergling x4  
  27  2:11  Overlord  
  27  2:19  Zergling x2  
  28  2:28  Hatchery  
  28  2:29  Drone  
  28  2:35  Drone x2  
  29  2:39  Drone  
  30  2:46  Queen  
  30  2:50  Metabolic Boost  
  32  2:55  Overlord  
  32  2:58  Drone  
  32  3:00  Drone  
  32  3:03  Drone  
  35  3:13  Zergling x2  
  35  3:14  Drone x3  
  35  3:15  Drone  
  35  3:17  Drone  
  41  3:23  Queen  
  43  3:28  Drone  
  44  3:39  Overlord  
  44  3:43  Drone x3  
  44  3:44  Queen  
  44  3:48  Drone  
  50  3:51  Overlord  
  50  3:57  Overlord  
  50  3:59  Drone x5  
  55  4:03  Queen  
  57  4:11  Zergling x4, Extractor  
  57  4:12  Drone x2  
  57  4:13  Drone  
  61  4:22  Queen, Evolution Chamber  
  61  4:23  Evolution Chamber  
  61  4:24  Drone  
  61  4:27  Drone x2  
  61  4:31  Drone  
  65  4:32  Drone x3  
  65  4:35  Drone  
  65  4:37  Drone x2  
  71  4:45  Spore Crawler x2  
  70  4:48  Zerg Melee Weapons Level 1  
  70  4:50  Drone x4  
  73  4:54  Zerg Ground Armor Level 1  
  72  5:05  Drone  
  72  5:06  Hatchery  
  72  5:07  Overlord  
  72  5:10  Overlord  
  72  5:17  Overlord  
  72  5:26  Zergling x2  
  72  5:28  Zergling x12, Queen  
  81  5:33  Overlord  
  81  5:36  Overlord x2  
  81  5:41  Lair  
  81  5:47  Overlord, Baneling Nest  
  81  5:48  Overlord  
  80  5:53  Zergling x18  
  80  5:56  Zergling x2  
  90  6:06  Zergling x6  
  93  6:14  Zergling x4  
  95  6:18  Extractor, Drone  
  95  6:19  Extractor, Drone x7  
  101  6:26  Zergling x2  
  101  6:27  Zergling x2  
  101  6:32  Spore Crawler  
  101  6:34  Zergling x4  
  103  6:41  Zergling x8  
  103  6:45  Zergling x8, Overseer  
  103  6:46  Pneumatized Carapace  
  110  6:47  Zerg Melee Weapons Level 2  
  110  6:50  Drone x3  
  110  6:53  Zergling x10  
  118  6:54  Drone  
  116  7:02  Drone  
  116  7:03  Drone x3  
  116  7:04  Hatchery  
  118  7:12  Zergling x2  
  118  7:13  Zergling x6, Zerg Ground Armor Level 2  
  121  7:21  Spine Crawler, Drone x3  
  121  7:22  Spine Crawler  
  119  7:23  Spine Crawler  
  119  7:24  Drone  
  119  7:25  Spine Crawler x3  
  116  7:35  Drone x2  
  116  7:36  Drone  
  116  7:39  Spore Crawler  
  115  7:46  Zergling x18  
  124  7:56  Overlord x2  
  124  8:04  Centrifical Hooks  
  122  8:09  Drone, Infestation Pit  
  122  8:10  Drone x5  
  114  8:24  Zergling x24  
  118  8:33  Zergling x8  
  111  8:36  Zergling x8  
  113  8:41  Zergling x8  
  113  8:47  Drone x3  
  113  8:48  Spine Crawler, Spore Crawler, Drone x3  
  122  8:53  Hive  
  121  9:00  Baneling x4  
  121  9:03  Baneling x6  
  121  9:04  Overseer x3, Baneling  
  122  9:10  Zergling x12  
  122  9:12  Drone x3  
  130  9:21  Hatchery  
  128  9:26  Drone x3  
  128  9:27  Drone x4  
  121  9:37  Zergling x16  
  120  9:47  Zergling x12  
  120  9:54  Zergling x8  
  124  10:00  Drone  
  124  10:01  Drone x3  
  124  10:04  Drone x2  
  124  10:05  Drone  
  131  10:21  Spore Crawler  
  131  10:24  Baneling x11  
  131  10:25  Zergling x6  
  131  10:26  Overlord  
  132  10:33  Drone  
  132  10:34  Drone x5  
  136  10:37  Zergling x2  
  136  10:38  Zergling x4  
  136  10:39  Zergling x6  
  136  10:41  Baneling x5  
  138  10:53  Zergling x28  
Show
View Real Time Build Order
Export as new Build Order

Maru Terran 

Build Orders: Reaper Expand 

Get SALT Encoding   

  12  0:00  SCV  
  13  0:12  SCV  
  14  0:17  Supply Depot  
  14  0:24  SCV  
  15  0:39  Barracks, SCV  
  16  0:44  Refinery  
  16  0:51  SCV  
  17  1:03  SCV  
  18  1:15  SCV  
  19  1:26  Reaper  
  19  1:27  Orbital Command  
  20  1:42  Command Center  
  20  1:52  SCV  
  20  1:53  Supply Depot  
  21  1:58  Reaper  
  22  2:04  SCV  
  23  2:11  Barracks  
  23  2:17  SCV  
  23  2:22  Refinery  
  24  2:29  SCV  
  25  2:36  Barracks Reactor  
  25  2:41  SCV  
  26  2:53  Factory, SCV  
  26  2:55  Orbital Command  
  27  2:59  Barracks Tech Lab  
  27  3:05  SCV  
  28  3:13  Command Center  
  28  3:17  SCV  
  29  3:21  SCV  
  29  3:22  Marine  
  29  3:24  Marine  
  32  3:27  Marine  
  32  3:30  Stimpack  
  33  3:40  SCV  
  33  3:41  Marine x2  
  34  3:45  Marine  
  34  3:46  Starport  
  34  3:48  Factory Reactor  
  37  3:49  SCV  
  37  3:54  SCV  
  39  3:59  Supply Depot  
  39  4:00  Marine x2  
  41  4:03  Marine  
  41  4:04  SCV  
  41  4:06  SCV  
  44  4:16  SCV  
  45  4:18  SCV  
  45  4:21  Marine x3  
  49  4:26  Orbital Command  
  49  4:29  SCV  
  49  4:30  SCV  
  51  4:32  Medivac x2, Factory Tech Lab  
  55  4:38  Marine x2  
  55  4:39  Marine  
  55  4:42  SCV  
  55  4:43  Supply Depot, SCV  
  60  4:48  Refinery  
  60  4:52  SCV  
  61  4:58  Factory  
  61  4:59  SCV  
  61  5:03  Engineering Bay  
  61  5:05  Marine x3  
  61  5:06  Engineering Bay, SCV  
  65  5:08  SCV  
  65  5:13  Starport Reactor  
  66  5:17  Armory  
  66  5:18  Refinery  
  66  5:19  Widow Mine  
  66  5:21  Orbital Command, SCV x2  
  70  5:23  Marine  
  70  5:25  Supply Depot  
  70  5:27  Marine x2  
  73  5:33  SCV  
  74  5:41  Marine  
  75  5:46  Terran Infantry Armor Level 1, Terran Infantry Weapons Level 1, SCV, Marine x2  
  75  5:49  Supply Depot, SCV  
  79  5:52  Widow Mine x2  
  79  5:53  Widow Mine  
  85  5:59  Supply Depot  
  85  6:01  Combat Shield, Supply Depot  
  85  6:03  Drilling Claws  
  85  6:11  SCV x3  
  88  6:18  Supply Depot  
  88  6:21  Medivac x2  
  88  6:23  SCV x2  
  94  6:32  Marine x2  
  94  6:33  Widow Mine x2  
  94  6:34  Widow Mine  
  94  6:35  SCV x3  
  103  6:47  SCV x3  
  103  6:52  Medivac, Supply Depot  
  103  6:53  Supply Depot  
  108  6:59  SCV  
  110  7:01  SCV  
  110  7:04  Orbital Command  
  110  7:05  Marine x3  
  110  7:07  Widow Mine x2  
  104  7:11  SCV  
  104  7:13  Barracks  
  104  7:14  Barracks  
  104  7:15  SCV  
  103  7:18  Barracks  
  101  7:23  SCV  
  101  7:25  Marine  
  101  7:26  Widow Mine  
  101  7:27  SCV  
  106  7:31  Supply Depot  
  107  7:41  Orbital Command, Widow Mine  
  107  7:43  Marine x2  
  107  7:44  Marine  
  103  7:46  Widow Mine  
  103  7:49  Medivac  
  103  7:50  Medivac, Widow Mine  
  104  7:57  SCV x2  
  106  8:01  Marine  
  106  8:02  Widow Mine  
  106  8:04  Barracks Reactor x2  
  106  8:05  Barracks Reactor  
  109  8:08  Widow Mine, SCV  
  109  8:11  Widow Mine  
  114  8:19  Medivac  
  109  8:23  Widow Mine  
  109  8:27  Medivac, Orbital Command  
  101  8:29  Widow Mine  
  101  8:30  Terran Infantry Weapons Level 2  
  101  8:31  Marine x3  
  92  8:35  SCV  
  92  8:40  Marine  
  92  8:41  Marine x3  
  89  8:48  Terran Infantry Armor Level 2  
  89  8:49  Medivac  
  89  8:51  SCV x2  
  89  8:53  SCV  
  94  8:59  Widow Mine  
  94  9:00  Widow Mine x2  
  100  9:03  SCV x2  
  100  9:05  SCV  
  103  9:10  Marine x6  
  103  9:15  SCV x2  
  111  9:17  SCV  
  111  9:19  Supply Depot x2  
  112  9:27  SCV  
  112  9:28  SCV  
  112  9:30  Marine x3  
  108  9:35  Marine x6  
  108  9:36  Widow Mine x2  
  108  9:43  SCV x2  
  108  9:44  Orbital Command  
  100  9:47  Marine  
  100  9:48  Marine x2  
  80  9:53  Marine  
  80  9:54  Marine x5  
  84  10:05  SCV x2, Marine x2  
  84  10:06  Marine  
  89  10:10  SCV  
  89  10:11  Marine x2  
  89  10:13  Siege Tank  
  95  10:17  Widow Mine, SCV  
  95  10:19  Widow Mine  
  95  10:21  SCV  
  101  10:23  SCV  
  102  10:29  SCV  
  102  10:30  Marine  
  102  10:31  Marauder, Marine x2  
  102  10:33  SCV  
  102  10:35  SCV  
  110  10:37  Supply Depot  
  110  10:38  Marine x3  
  110  10:41  SCV  
  114  10:45  SCV  
  114  10:48  Widow Mine  
Tags
 
Add a new tag
Caveats
  • Supply blocks, unpowered buildings, or Contaminate may cause inaccurate times.
  • Supply counts are checked every 10 seconds.